 Dungeon Crawl Stone Soup version 0.29.0-4-gdea44cf6ec (webtiles) character file.

Game seed: 868273182564206585

50 qw the Chopper (level 3, 0/21 HPs)
             Began as a Tengu Warper on Aug 28, 2022.
             Slain by a goblin
             ... wielding a +0 club
             ... led by Robin
              (4 damage)
             ... on level 2 of the Dungeon.
             The game lasted 00:00:09 (1584 turns).

qw the Chopper (Tengu Warper)                       Turns: 1584, Time: 00:00:10

Health: 0/21       AC:  5    Str: 13    XL:     3   Next: 79%
Magic:  7/7        EV: 11    Int: 13    God:
Gold:   72         SH:  0    Dex: 13    Spells: 6/6 levels left

rFire   . . .      SeeInvis .   Y - +0 hand axe
rCold   . . .      Faith    .   (no shield)
rNeg    . . .      Spirit   .   d - +0 ring mail
rPois   .          Reflect  .   (helmet restricted)
rElec   .          Harm     .   (no cloak)
rCorr   .          Rampage  .   (no gloves)
Will    .....                   (boots unavailable)
Stlth   +.........              (no amulet)
HPRegen 0.07/turn               (no ring)
MPRegen 0.10/turn               (no ring)

@: no status effects
A: beak, talons 3
a: no special abilities


You were on level 2 of the Dungeon.
You visited 1 branch of the dungeon, and saw 2 of its levels.

You collected 72 gold pieces.


Innate Abilities, Weirdness & Mutations

You have a beak for a mouth.
You have claws for feet.


   Skills:
 - Level 2.0 Fighting
 + Level 4.4 Axes
 - Level 1.0 Throwing
 - Level 1.1 Armour
 - Level 2.1 Dodging
 - Level 2.0 Spellcasting
 - Level 2.4 Translocations


You had 6 spell levels left.
You didn't know any spells.
Your spell library contained the following spells:

 Spells                   Type           Power      Damage    Failure   Level
 Blink                    Tloc           14%        N/A       30%         2
 Gell's Gravitas          Tloc           7%         N/A       52%         3
 Lesser Beckoning         Tloc           7%         N/A       52%         3
 Teleport Other           Tloc           7%         N/A       52%         3
 Manifold Assault         Tloc           7%         N/A       99%         5

Inventory:

Hand Weapons
 g - a +0 mace
 Y - a +0 hand axe (weapon)
Armour
 d - a +0 ring mail (worn)
Jewellery
 c - a ring of magical power
Scrolls
 a - 2 scrolls of vulnerability {unknown}
 b - 2 scrolls of identify
 e - 3 scrolls of summoning {unknown}
 f - a scroll of enchant weapon {unknown}
Potions
 h - a potion of haste {unknown}
 j - a potion of might {unknown}
 k - a potion of brilliance {unknown}

Dungeon Overview and Level Annotations

Branches:
Dungeon (2/15)

Altars:
Cheibriados

Annotations:
D:2 Robin


Message History

1574 ||| Stepping ~*~*~tactically~*~*~ (stealth).
The goblin shouts!
The goblin unwields a +0 club.
The goblin wields a +0 sling.
The goblin shoots a sling bullet.
The sling bullet hits you but does no damage.
The goblin shouts!
The hobgoblin barely misses you.
You hit the hobgoblin but do no damage. The hobgoblin hits you.
You hit the hobgoblin. Your kick misses the hobgoblin.
The hobgoblin is lightly wounded.
The hobgoblin barely misses you.
Robin roars a battlecry!
The goblins go into a battle-frenzy!
You barely miss the hobgoblin.
The hobgoblin is lightly wounded.
The hobgoblin closely misses you.
You hit the hobgoblin but do no damage.
You peck the hobgoblin, but do no damage.
The hobgoblin is lightly wounded.
Robin throws the goblin at you! The hobgoblin barely misses you.
The goblin misses you.
You hit the hobgoblin.
The hobgoblin is almost dead.
You closely miss the goblin. The hobgoblin hits you.
The goblin hits you with a +0 club.
You hit the hobgoblin.
You kill the hobgoblin!
You hit the goblin. The goblin misses you. The goblin hits you with a +0 club.
The hobgoblin hits you.
You hit the goblin but do no damage. You claw the goblin.
You kill the goblin!
You closely miss the hobgoblin. The hobgoblin closely misses you.
You hit the hobgoblin.
You kill the hobgoblin!
The goblin shoots a sling bullet.
The sling bullet misses you. Robin throws the goblin at you!
The goblin hits you with a +0 club.
You die...

#
##################
#>g....)).........
#@################
#%# #


gg# # g.g# # ..... ...... ....... ......... #.. #.. You could see Robin, a
hobgoblin (strong) and 3 goblins.

Vanquished Creatures
  A worm (D:2)
  A dart slug (D:1)
  A bat (D:1)
  5 endoplasms
  6 goblins
  10 hobgoblins
  4 jackals (D:1)
  2 kobolds (D:1)
  A quokka (D:1)
  A ball python (D:2)
  3 frilled lizards
  5 rats
40 creatures vanquished.

Notes
Turn   | Place    | Note
-------+----------+-------------------------------------------
     0 | D:1      | qw the Tengu Warper began the quest for the Orb.
     0 | D:1      | Reached XP level 1. HP: 12/12 MP: 4/4
     0 | D:1      | 0 ||| qw: Version: 0.1-a-89-g26bdef1
     0 | D:1      | 0 ||| qw: Game counter: 450
     0 | D:1      | 0 ||| qw: Always use a shield: true
     0 | D:1      | 0 ||| qw: God list: Okawaru
     0 | D:1      | 0 ||| qw: Allow faded altars: false
     0 | D:1      | 0 ||| qw: Do Orc after D:15 true
     0 | D:1      | 0 ||| qw: Do second Lair branch before Depths: true
     0 | D:1      | 0 ||| qw: Lair rune preference: random
     0 | D:1      | 0 ||| qw: Plans: Normal
     0 | D:1      | 0 ||| PLANNING D:1-11
   117 | D:1      | Reached XP level 2. HP: 17/17 MP: 6/6
   122 | D:1      | Found a faded altar of an unknown god.
   123 | D:1      | 123 ||| Stepping ~*~*~tactically~*~*~ (stealth).
   128 | D:1      | Reached skill level 3 in Axes
   604 | D:1      | Reached XP level 3. HP: 21/21 MP: 7/7
   862 | D:1      | 862 ||| Stepping ~*~*~tactically~*~*~ (hiding).
   984 | D:1      | Reached skill level 4 in Axes
  1132 | D:1      | 1132 ||| UPGRADING to +0 ring mail.
  1142 | D:1      | 1142 ||| DROPPING +0 leather armour.
  1143 | D:1      | 1143 ||| READING 3 scrolls labelled XUDUAG XIEFUC.
  1144 | D:1      | 1144 ||| READING scroll labelled FIV JOLEGE.
  1145 | D:1      | 1145 ||| READING scroll labelled NUEH UNOKKUUL.
  1146 | D:1      | 1146 ||| DRINKING 2 bubbling purple potions.
  1147 | D:1      | 1147 ||| DROPPING 2 scrolls of amnesia.
  1148 | D:1      | 1148 ||| DROPPING scroll of blinking.
  1149 | D:1      | 1149 ||| DROPPING potion of attraction.
  1268 | D:2      | Found a snail-covered altar of Cheibriados.
  1270 | D:2      | 1270 ||| Stepping ~*~*~tactically~*~*~ (stealth).
  1485 | D:2      | 1485 ||| Stepping ~*~*~tactically~*~*~ (stealth).
  1486 | D:2      | 1486 ||| Stepping ~*~*~tactically~*~*~ (stealth).
  1573 | D:2      | Noticed Robin
  1574 | D:2      | 1574 ||| Stepping ~*~*~tactically~*~*~ (stealth).
  1582 | D:2      | HP: 4/21 [hobgoblin[Robin] (5)]
  1584 | D:2      | Slain by a goblin

Levels and vault maps discovered:
D:1:      sevenhm_arrival_forest_fort_small_3, layout_loops_ring,
          shapermc_ecumenical_altar_mp_highgroup, minmay_hedge_maze, st_stairs_8
D:2:      layout_basic, basic_altar, uniq_robin

Skill      XL: |  1  2  3 |
---------------+----------+-----
Axes           | 3 4 |  4.4
Fighting       | |  2.0
Throwing       | |  1.0
Armour         | |  1.1
Dodging        | |  2.1
Spellcasting   | |  2.0
Translocations | |  2.4

Action                   || total
-------------------------++-------
Melee: Hand axe          ||    95
       Kick              ||    24
       Peck              ||    18
       Punch             ||     1
Throw: Boomerang         ||     7
  Use: Scroll            ||     3
       Potion            ||     1
Armor: Leather armour    ||    16
       Ring mail         ||     5
Dodge: Dodged            ||    47

Table legend:
 A = Non-vault XP
 B = Vault XP
 C = Vault XP percentage of total XP
 D = Non-vault monster count
 E = Vault monster count
 F = Vault count percentage of total count
                 A         B        C        D         E       F
            +---------+---------+-------+---------+---------+-------
      Total |      61 |      13 |  17.6 |      33 |       7 |  17.5
            +---------+---------+-------+---------+---------+-------
        D:1 |      43 |       2 |   4.4 |      24 |       1 |   4.0
        D:2 |      18 |      11 |  37.9 |       9 |       6 |  40.0
            +---------+---------+-------+---------+---------+-------
